 Dungeon Crawl Stone Soup version 0.29.0-15-g675c0067aa (webtiles) character file.

Game seed: 4040176857344905445

172 pacmanke6689 the Chopper (level 5, -13/47 HPs)
             Began as a Hill Orc Fighter on Sept 11, 2022.
             Was an Initiate of Beogh.
             Mangled by an angel
             ... wielding a +2 whip of holy wrath
             ... created by the Shining One
              (22 damage)
             ... on level 4 of the Dungeon.
             The game lasted 00:07:40 (3379 turns).

pacmanke6689 the Chopper (Hill Orc Fighter)         Turns: 3379, Time: 00:07:41

Health: -13/47     AC: 12    Str: 21    XL:     5   Next: 52%
Magic:  5/5        EV:  9    Int: 13    God:    Beogh [......]
Gold:   172        SH:  4    Dex: 10    Spells: 4/4 levels left

rFire   + . .      SeeInvis .   a - +0 war axe
rCold   . . .      Faith    .   c - +0 buckler
rNeg    . . .      Spirit   .   b - +0 scale mail
rPois   .          Reflect  .   (no helmet)
rElec   +          Harm     .   (no cloak)
rCorr   .          Rampage  .   v - +0 pair of gloves
Will    .....                   f - +3 pair of boots of Cocytus {rElec rF+ Int+5}
Stlth   ..........              (no amulet)
HPRegen 0.15/turn               (no ring)
MPRegen 0.09/turn               (no ring)

@: about to teleport, glowing
A: no striking features
a: Renounce Religion


You were on level 4 of the Dungeon.
You worshipped Beogh.
Beogh was noncommittal.
You visited 1 branch of the dungeon, and saw 5 of its levels.

You collected 172 gold pieces.

Inventory:

Hand Weapons
 a - a +0 war axe (weapon)
Armour
 b - a +0 scale mail (worn)
 c - a +0 buckler (worn)
 f - the +3 pair of boots of Cocytus (worn) {rElec rF+ Int+5}
   (You acquired it on level 3 of the Dungeon)

   Int:       It affects your intelligence (+5).
   rF:        It protects you from fire.
   rElec:     It insulates you from electricity.
 v - a +0 pair of gloves (worn)
Magical Staves
 k - a staff of conjuration
Scrolls
 e - a scroll of magic mapping
 g - 5 scrolls of teleportation
 h - a scroll of silence {unknown}
 o - a scroll of poison {unknown}
Potions
 d - a potion of might
 i - a potion of magic
 j - 3 potions of ambrosia
 l - a potion of brilliance {unknown}
 m - 2 potions of resistance {unknown}
 n - a potion of cancellation {unknown}
 q - a potion of heal wounds {unknown}
 r - 2 potions of curing {unknown}
 s - a potion of berserk rage {unknown}
 t - 2 potions of lignification {unknown}


   Skills:
 + Level 4.3 Fighting
 + Level 4.9 Axes
 + Level 4.2 Armour
 + Level 1.4 Dodging
 + Level 3.6 Shields


You had 4 spell levels left.
You didn't know any spells.
Your spell library contained the following spells:

 Spells                   Type           Power      Damage    Failure   Level
 Poisonous Vapours        Pois/Air       0%         N/A       85%         2
 Gell's Gravitas          Tloc           0%         N/A       97%         3
 Lesser Beckoning         Tloc           0%         N/A       97%         3
 Portal Projectile        Hex/Tloc       0%         N/A       97%         3
 Teleport Other           Tloc           0%         N/A       97%         3
 Tukima's Dance           Hex            0%         N/A       97%         3
 Corpse Rot               Necr/Pois/Air  0%         N/A       100%        4
 Summon Lightning Spire   Summ/Air       0%         N/A       100%        4
 Blade Hands              Tmut           0%         N/A       100%        5
 Storm Form               Tmut/Air       0%         N/A       100%        7
 Maxwell's Capacitive Co  Air            0%         ∞         100%        8


Dungeon Overview and Level Annotations

Branches:
Dungeon (5/15)             Temple (0/1) D:4

Altars:
Cheibriados
The Shining One


Message History

You hit the orc priest but do no damage.
The orc priest is moderately wounded.
You hit the orc but do no damage. You barely miss the orc.
The orc priest calls upon Beogh to heal the orc.
The orc's wounds heal themselves!
The orc hits you but does no damage. The orc hits you with a +0 dagger.
* * * LOW HITPOINT WARNING * * *
The orc hits you but does no damage. The orc priest hits you with a +0 mace.
* * * LOW HITPOINT WARNING * * *
The orc barely misses you.
You slash the orc priest!
The orc priest is almost dead.
You slash the orc!
You kill the orc!
Beogh accepts your kill.
You slash the orc!
You kill the orc!
Beogh accepts your kill. The orc priest hits you with a +0 mace.
* * * LOW HITPOINT WARNING * * *
You hit the orc priest but do no damage.
The orc priest is almost dead.
The orc priest hits you but does no damage.
You hit the orc priest but do no damage.
The orc priest is almost dead.
The orc priest casts a cantrip, but nothing happens.
You slash the orc priest!
You kill the orc priest!
Beogh accepts your kill.
Beogh appreciates your killing of a heretic priest.
The Shining One sends the divine host to punish you for your evil ways! 3 angels come into view.
An angel is wielding a +2 whip of holy wrath.
An angel is wielding a +2 whip of holy wrath.
An angel is wielding a +2 whip of holy wrath.
You can't go down here!
You climb upwards.
There is a stone staircase leading down here.
As you read the scroll of teleportation, it crumbles to dust.
You feel strangely unstable.
The angel hits you with a +2 whip of holy wrath!!
You die...

#.♣♣ ♣♣~~♣♣♣♣♣. ########
###.~♣♣♣♣.~~♣~♣♣♣. #.##...#
#....~~~~~.~~~~...
#####..#...######..~♣♣~♣~~~P♣♣.~#
...#......)##..#...♣♣♣♣♣♣~P♣♣♣♣♣.
.....####.##.........♣♣♣P.P♣♣....
.....# #..#.....#..#.♣♣♣.~♣♣.#..
.....# #..#.....#.....♣.~.♣..#..
#.#.## #.......@......♣♣.♣♣.....
..#..# ####.....A......##.....#..
....####.##..)....#...........#..
.#................###.#.......#..
.##....##(######....#............
###....#))).# ###.......##.#..##
.##....##.)#######...##.###.##<.#
...........##.......####.#.......
...##...).......##..##...........


You could see an angel.

Vanquished Creatures
  An orc priest (D:5)
  An orc wizard (D:4)
  2 adders
  2 worms
  2 dart slugs
  10 orcs
  6 endoplasms
  A giant cockroach (D:1)
  7 goblins
  11 hobgoblins
  7 kobolds
  A quokka (D:4)
  12 ball pythons
  3 bats
  3 frilled lizards (D:3)
  7 rats
76 creatures vanquished.

Notes
Turn   | Place    | Note
-------+----------+-------------------------------------------
     0 | D:1      | pacmanke6689 the Hill Orc Fighter began the quest for the
                  | Orb.
     0 | D:1      | Reached XP level 1. HP: 19/19 MP: 1/1
   113 | D:1      | Reached XP level 2. HP: 24/27 MP: 2/2
   636 | D:1      | Reached XP level 3. HP: 26/33 MP: 3/3
   740 | D:1      | Found a faded altar of an unknown god.
  1224 | D:2      | Found a glowing golden altar of the Shining One.
  1739 | D:2      | Became a worshipper of the Shining One
  1932 | D:3      | Reached XP level 4. HP: 40/40 MP: 4/4
  2166 | D:3      | Identified a scroll of acquirement
  2166 | D:3      | Acquired the +3 pair of boots of Cocytus {rElec rF+ Int+5}
  2593 | D:4      | Reached skill level 1 in Dodging
  2905 | D:4      | Reached XP level 5. HP: 45/46 MP: 5/5
  2959 | D:4      | Fell from the grace of the Shining One
  2959 | D:4      | Became a worshipper of Beogh the Brigand
  2994 | D:4      | Found a staircase to the Ecumenical Temple.
  3154 | D:4      | Found a snail-covered altar of Cheibriados.
  3338 | D:5      | Entered Level 5 of the Dungeon
  3377 | D:5      | Noticed an angel
  3377 | D:5      | Noticed an angel
  3377 | D:5      | Noticed an angel
  3379 | D:4      | Mangled by an angel

Illustrated notes

Levels and vault maps discovered:
D:1:      scummos_arrival_checkerplants, layout_basic,
          shapermc_ecumenical_altar_mp_vishouse, minivault_19
D:2:      layout_basic, basic_altar, chequers_serial_rivers_micro_a
D:3:      layout_basic
D:4:      layout_cave_pools, kennysheep_slug_shrine,
          minmay_temple_entry_proselytizer, serial_bayou_crossing
D:5:      layout_rooms, mainiacjoe_overflow_six_doors_small,
          cheibrodos_sewer_entry_sluice, uniq_sigmund

Skill      XL: |  1  2  3  4 |
---------------+-------------+-----
Axes           | 3 4 |  4.9
Fighting       | 4 |  4.3
Armour         | 4 |  4.2
Dodging        | 1 |  1.4
Shields        | |  3.6

Action                   |  1- 3 |  4- 6 || total
-------------------------+-------+-------++-------
Melee: War axe           |    97 |    84 ||   181
Invok: Convert to Beogh  |       |     1 ||     1
  Use: Scroll            |       |     9 ||     9
Armor: Scale mail        |    40 |    37 ||    77
Dodge: Dodged            |    52 |    37 ||    89
Block: Buckler           |    29 |    17 ||    46
